 Dungeon Crawl Stone Soup version 0.25-a0-100-g33052ceff8 (webtiles) character file.

Game seed: 10248851957953174556, levelgen mode: deterministic

23551 Arixos the Demolition Demonspawn (level 12, -6/98 HPs)
             Began as a Demonspawn Monk on Nov 14, 2019.
             Was an Elder of Makhleb.
             Mangled by a blink frog (11 damage)
             ... on level 6 of the Lair of Beasts.
             The game lasted 00:50:53 (15637 turns).

Arixos the Demolition Demonspawn (Demonspawn Monk) Turns: 15637, Time: 00:50:53

Health: -6/98      AC: 16    Str: 15    XL:     12   Next: 72%
Magic:  22/22      EV: 17    Int: 12    God:    Makhleb [****..]
Gold:   796        SH:  0    Dex: 17    Spells: 11/11 levels left

rFire    + . .     SeeInvis .   a - +4 glaive (venom)
rCold    + . .     Gourm    .   (shield currently unavailable)
rNeg     . . .     Faith    .   A - +1 ring mail {MR+}
rPois    .         Spirit   .   (helmet unavailable)
rElec    .         Reflect  .   f - +0 cloak
rCorr    .         Harm     .   d - +2 pair of gloves
MR       +....                  q - +0 pair of boots
Stlth    +.........             j - amulet of the acrobat
HPRegen  0.26/turn              h - ring of protection from cold
MPRegen  0.18/turn              I - ring of protection from fire

@: no status effects
A: horns 3, iridescent scales 1, demonic guardian 2, powered by pain 2
a: Minor Destruction, Lesser Servant of Makhleb, Major Destruction, Renounce
Religion


You were on level 6 of the Lair of Beasts.
You worshipped Makhleb.
Makhleb was greatly pleased with you.
You were hungry.

You visited 3 branches of the dungeon, and saw 15 of its levels.
You also visited: Ice Cave.

You collected 796 gold pieces.

Inventory:

Hand Weapons
 a - a +4 glaive of venom (weapon)
 b - a +1 halberd of freezing
Missiles
 y - 20 poisoned darts (quivered)
Armour
 d - a +2 pair of gloves (worn)
 f - a +0 cloak (worn)
 q - a +0 pair of boots (worn)
 A - a +1 ring mail of magic resistance (worn)
 K - a +1 large shield of cold resistance
Jewellery
 h - a ring of protection from cold (left hand)
 j - an amulet of the acrobat (around neck)
 I - a ring of protection from fire (right hand)
Wands
 s - a wand of digging (10)
 u - a wand of flame (21)
 B - a wand of iceblast (10)
 E - a wand of paralysis (6)
 G - a wand of acid (8)
Scrolls
 c - 3 scrolls of blinking {unknown}
 l - 12 scrolls of identify
 m - 3 scrolls of fog
 n - 2 scrolls of enchant armour {unknown}
 p - a scroll of magic mapping
 v - 2 scrolls of remove curse
 z - a scroll of random uselessness {unknown}
 D - 4 scrolls of amnesia
 H - 2 scrolls of immolation
 N - a scroll of fear {unknown}
 P - a scroll of enchant weapon {unknown}
 R - a scroll of acquirement {unknown}
Potions
 e - 6 potions of curing
 g - a potion of agility {unknown}
 i - 7 potions of flight {unknown}
 o - 5 potions of lignification {unknown}
 w - 3 potions of mutation {unknown}
 x - 2 potions of haste
 C - a potion of degeneration {unknown}
 J - a potion of magic {unknown}
 L - 2 potions of resistance {unknown}
 M - a potion of ambrosia {unknown}
 O - a potion of cancellation {unknown}
Miscellaneous
 F - a lightning rod (4/4)
Comestibles
 t - 25 rations


   Skills:
 + Level 10.3 Fighting
 * Level 4.9 Polearms
 + Level 9.1 Armour
 + Level 9.6 Dodging
 - Level 1.7 Stealth
 - Level 2.6 Unarmed Combat
 * Level 13.3 Invocations
 + Level 5.9 Evocations


You had 11 spell levels left.
You didn't know any spells.
Your spell library contained the following spells:

 Spells                   Type           Power        Failure   Level  Hunger
 Animate Skeleton         Necr           N/A          50%         1    ##.....
 Apportation              Tloc           #.....       50%         1    ##.....
 Confusing Touch          Hex            #.....       50%         1    ##.....
 Magic Dart               Conj           #...         50%         1    ##.....
 Summon Small Mammal      Summ           #...         50%         1    ##.....
 Blink                    Tloc           N/A          65%         2    ###....
 Call Imp                 Summ           #.......     65%         2    ###....
 Poisonous Vapours        Pois/Air       #.....       65%         2    ###....
 Slow                     Hex            #.......     65%         2    ###....
 Confuse                  Hex            #.......     86%         3    ####...
 Conjure Flame            Conj/Fire      #.......     86%         3    ####...
 Gell's Gravitas          Tloc           #.........   86%         3    ####...
 Mephitic Cloud           Conj/Pois/Air  #.......     86%         3    ####...
 Petrify                  Tmut/Erth      #.......     99%         4    #####..
 Metabolic Englaciation   Hex/Ice        #.........   100%        5    ######.
 Yara's Violent Unravell  Hex/Tmut       #.........   100%        5    ######.
 Freezing Cloud           Conj/Ice/Air   #.........   100%        6    #######
 Ring of Flames           Chrm/Fire      #.........   100%        7    #######


Dungeon Overview and Level Annotations

Branches:
Dungeon (8/15)             Temple (1/1) D:7            Lair (6/6) D:8
 Shoals (0/4) Lair:4        Snake (0/4) Lair:2        Slime (0/5) Lair:5
  IceCv (visited)

Altars:
Ashenzari
Cheibriados
Dithmenos
Elyvilon
Fedhas
Gozag
Hepliaklqana
Kikubaaqudgha
Makhleb
Nemelex Xobeh
Okawaru
Qazlal
Ru
Sif Muna
Trog
Uskayaw
Wu Jian
Xom
Yredelemnul
Zin
The Shining One
Beogh

Annotations:
D:8 3 runed translucent doors, Gall2222's ghost, novice DDMo
Lair:1 1 runed translucent door, Amanar's ghost, novice DEWz


Innate Abilities, Weirdness & Mutations

You have a pair of large horns on your head.
You are partially covered in iridescent scales. (AC +2)
A demonic guardian rushes to your aid.
You sometimes gain power by taking damage.


Message History

You are blown backwards!
The blink frog and the black mamba are blown away by the wind.
The blink frog blinks!
The wind drake flaps its wings at you. The air twists around and strikes you.
* * * LOW HITPOINT WARNING * * *
Your smoke demon gestures at the black mamba.
The sticky flame hits the black mamba.
The black mamba is covered in liquid flames!
The blink frog moves out of view.
The black mamba burns!
The blink frog closely misses you. The blink frog barely misses you.
The black mamba burns!
The blink frog completely misses you. The blink frog barely misses you. x2
There is a stone staircase leading up here.
The black mamba burns!
The black mamba closely misses you. The blink frog misses you.
The blink frog barely misses you. The blink frog closely misses you.
The blink frog blinks!
The black mamba misses you. The blink frog hits you!
You die...

### ### ##.# #.P.#
######..##....#.
####P..#...........
#..................
..........3........
........k..........
.......SF..........
.......@F..........
.......§F..........
...................
........F..)......
...%.............
........F.......
...............
....(/.........


You could see a wind drake, a black mamba (burning), 5 blink frogs and a
friendly smoke demon.

Vanquished Creatures
  A hydra (Lair:5)
  A sea snake (Lair:6)
  4 elephants
  2 black mambas
  7 spiny frogs
  2 rime drakes (Lair:6)
  A komodo dragon (Lair:5)
  9 polar bears
  A wind drake (Lair:6)
  4 blink frogs
  Grinder (D:3)
  2 dream sheep
  3 hippogriffs
  2 yaks
  A wyvern (D:8)
  A hungry ghost (D:8)
  A naga (Lair:2)
  8 water moccasins
  7 porcupines
  8 ice beasts (Lair:4)
  An orc warrior (D:8)
  A black bear (D:6)
  6 necrophages (Lair:4)
  A sky beast (D:8)
  6 wolves
  4 ogres
  8 crocodiles
  A big kobold (D:7)
  7 bullfrogs
  A scorpion (D:7)
  6 wights
  3 howler monkeys
  An electric eel (Lair:4)
  A crimson imp (D:7)
  2 hounds (D:8)
  5 jellies
  A centaur skeleton (D:6)
  5 orc priests
  4 orc wizards
  A bullfrog skeleton (D:3)
  An iguana (D:7)
  Ijyb (D:3)
  5 worker ants
  Robin (D:2)
  7 gnolls
  18 adders
  4 oozes
  A worm (D:3)
  5 dart slugs
  8 leopard geckos
  17 orcs
  2 giant cockroaches
  6 hobgoblins
  16 jackals
  2 quokkas
  4 bats
  6 frilled lizards
  21 goblins
  3 kobolds
  A quokka skeleton (D:7)
  5 rats
265 creatures vanquished.

Vanquished Creatures (collateral kills)
  A frost giant (IceCv)
  Harold (D:7)
  Pikel (D:7)
  2 elephants (Lair:5)
  A rime drake (Lair:6)
  4 spiny frogs
  4 komodo dragons
  A hornet (Lair:6)
  10 polar bears
  10 blink frogs
  7 dream sheep
  Sigmund (D:5)
  12 yaks
  A steam dragon (Lair:2)
  Edmund (D:4)
  3 water moccasins
  A black bear (D:8)
  2 slaves (D:7)
  7 wolves
  An ogre (D:6)
  A centaur (D:6)
  3 crocodiles
  A bullfrog (Lair:3)
  A hound (D:7)
  An orc priest (D:8)
  2 orcs
  3 jackals (D:7)
83 creatures vanquished.

Vanquished Creatures (others)
  A wizard (D:6)
  A fungus (Lair:5)
  9 plants (Lair:6)
11 creatures vanquished.

Grand Total: 359 creatures vanquished

Notes
Turn   | Place    | Note
-------+----------+-------------------------------------------
     0 | D:1      | Arixos the Demonspawn Monk began the quest for the Orb.
     0 | D:1      | Reached XP level 1. HP: 18/18 MP: 1/1
   173 | D:1      | Gained mutation: A weak demonic guardian rushes to your
                  | aid. [demonic ancestry]
   173 | D:1      | Reached XP level 2. HP: 19/24 MP: 2/2
   700 | D:1      | Reached skill level 1 in Armour
  1062 | D:2      | Gained mutation: You sometimes gain a little power by
                  | taking damage. [demonic ancestry]
  1062 | D:2      | Reached XP level 3. HP: 29/29 MP: 3/3
  1121 | D:2      | Noticed Robin
  1170 | D:2      | Killed Robin
  1383 | D:2      | Gained mutation: You are partially covered in iridescent
                  | scales. (AC +2) [demonic ancestry]
  1383 | D:2      | Reached XP level 4. HP: 37/37 MP: 4/4
  1854 | D:2      | Gained mutation: You have a pair of small horns on your
                  | head. [demonic ancestry]
  1854 | D:2      | Reached XP level 5. HP: 42/42 MP: 5/5
  2595 | D:3      | Noticed Ijyb
  2608 | D:3      | Killed Ijyb
  3090 | D:3      | Gained mutation: You sometimes gain power by taking damage.
                  | [demonic ancestry]
  3090 | D:3      | Reached XP level 6. HP: 49/49 MP: 6/6
  3226 | D:3      | Found an opulent altar of Gozag.
  3227 | D:3      | Found a blossoming altar of Fedhas.
  3229 | D:3      | Found a white marble altar of Elyvilon.
  3394 | D:3      | Noticed Grinder
  3397 | D:3      | Paralysed by Grinder for 4 turns
  3411 | D:3      | Killed Grinder
  3411 | D:3      | Reached skill level 5 in Fighting
  3674 | D:4      | Gained mutation: A demonic guardian rushes to your aid.
                  | [demonic ancestry]
  3674 | D:4      | Reached XP level 7. HP: 53/56 MP: 7/7
  3793 | D:4      | Noticed Edmund
  3799 | D:4      | Killed Edmund
  4153 | D:5      | Entered Level 5 of the Dungeon
  4153 | D:5      | Noticed Sigmund
  4159 | D:5      | Killed Sigmund
  4159 | D:5      | Reached skill level 5 in Dodging
  4219 | D:5      | Found an ornate altar of the Wu Jian Council.
  5211 | D:6      | Found a bloodstained altar of Trog.
  5212 | D:6      | Noticed a wizard
  5218 | D:6      | Killed a wizard
  5242 | D:6      | Reached XP level 8. HP: 57/64 MP: 8/8
  5503 | D:6      | Reached skill level 5 in Armour
  5720 | D:7      | Noticed Harold
  5724 | D:7      | Killed Harold
  5727 | D:7      | Found a staircase to the Ecumenical Temple.
  5775 | Temple   | Entered the Ecumenical Temple
  5888 | Temple   | Became a worshipper of Makhleb the Destroyer
  5888 | Temple   | Reached * piety under Makhleb
  5888 | Temple   | Reached ** piety under Makhleb
  6086 | D:7      | Reached skill level 1 in Invocations
  6250 | D:7      | Gained mutation: You have a pair of horns on your head.
                  | [demonic ancestry]
  6250 | D:7      | Reached XP level 9. HP: 68/72 MP: 10/10
  6287 | D:7      | Reached skill level 2 in Invocations
  6376 | D:7      | Noticed Pikel
  6387 | D:7      | Killed Pikel
  6387 | D:7      | Reached skill level 3 in Invocations
  6632 | D:7      | Reached skill level 4 in Invocations
  6711 | D:7      | Got an ichor-stained long sword
  6712 | D:7      | Identified the +0 long sword of Nesuov {slice, *Contam
                  | rPois rF+} (You found it on level 7 of the Dungeon)
  7151 | D:8      | Reached skill level 5 in Invocations
  7167 | D:8      | Found a shimmering altar of Xom.
  7167 | D:8      | Found a shimmering altar of Xom.
  7168 | D:8      | Found a shimmering altar of Xom.
  7168 | D:8      | Found a shimmering altar of Xom.
  7168 | D:8      | Found a shimmering altar of Xom.
  7168 | D:8      | Found a shimmering altar of Xom.
  7169 | D:8      | Found a shimmering altar of Xom.
  7170 | D:8      | Found a shimmering altar of Xom.
  7243 | D:8      | Found a staircase to the Lair.
  7360 | D:8      | Found a runed translucent gate.
  7360 | D:8      | Identified the +8 glaive "Yxios" {flame, rPois Str+4}
  7361 | D:8      | Noticed Gall2222's ghost (novice DDMo)
  7363 | D:8      | Found a runed translucent gate.
  7364 | D:8      | Found a runed translucent gate.
  7370 | D:8      | Found a roughly hewn altar of Beogh.
  7518 | D:8      | Reached skill level 6 in Invocations
  7843 | D:8      | Noticed a yaktaur
  7855 | D:8      | Noticed a manticore
  8276 | Lair:1   | Entered Level 1 of the Lair of Beasts
  8404 | Lair:1   | Noticed a spiny frog
  8410 | Lair:1   | Killed a spiny frog
  8410 | Lair:1   | Reached skill level 7 in Invocations
  8410 | Lair:1   | Reached XP level 10. HP: 60/81 MP: 15/15
  8730 | Lair:1   | Reached *** piety under Makhleb
  9127 | Lair:1   | Reached skill level 8 in Invocations
  9395 | Lair:1   | Noticed a spiny frog
  9402 | Lair:1   | Killed a spiny frog
  9535 | Lair:1   | Reached skill level 1 in Evocations
  9858 | Lair:1   | Found a runed translucent door.
  9858 | Lair:1   | Noticed Amanar's ghost (novice DEWz)
 10116 | Lair:2   | Reached skill level 9 in Invocations
 10623 | Lair:2   | Found a staircase to the Snake Pit.
 10681 | Lair:2   | You fall into a shaft and drop 1 floor!
 10864 | Lair:3   | Noticed a spiny frog
 10874 | Lair:3   | Killed a spiny frog
 10991 | Lair:3   | You fall into a shaft and drop 1 floor!
 11012 | Lair:4   | Found a staircase to the Shoals.
 11053 | Lair:4   | Reached skill level 10 in Invocations
 11072 | Lair:4   | Reached XP level 11. HP: 77/89 MP: 18/18
 11092 | Lair:4   | Found a frozen archway.
 11172 | IceCv    | Entered an ice cave
 12174 | IceCv    | Reached **** piety under Makhleb
 12174 | IceCv    | Reached skill level 11 in Invocations
 12296 | IceCv    | Noticed a frost giant
 12324 | IceCv    | Killed a frost giant
 12879 | Lair:4   | Reached skill level 1 in Polearms
 13576 | Lair:4   | Reached skill level 12 in Invocations
 14036 | Lair:5   | Noticed a six-headed hydra
 14072 | Lair:5   | Killed a nine-headed hydra
 14072 | Lair:5   | Gained mutation: You have a pair of large horns on your
                  | head. [demonic ancestry]
 14072 | Lair:5   | Reached XP level 12. HP: 30/97 MP: 21/21
 14330 | Lair:5   | Reached skill level 5 in Evocations
 14391 | Lair:5   | Reached skill level 10 in Fighting
 14869 | Lair:5   | Found a staircase to the Slime Pits.
 15109 | Lair:6   | Entered Level 6 of the Lair of Beasts
 15109 | Lair:6   | Noticed a six-headed hydra
 15202 | Lair:6   | Reached skill level 13 in Invocations
 15628 | Lair:6   | HP: 4/98 [black mamba (12)]
 15634 | Lair:6   | HP: 4/98 [wind drake/the air (5)]
 15637 | Lair:6   | Mangled by a blink frog

Levels and vault maps discovered:
D:1:      minmay_arrival_semitransparent, layout_basic
D:2:      minmay_inner_zag, layout_basic, chequers_serial_rivers_micro_c,
          uniq_robin
D:3:      kennysheep_goblin_castle, layout_basic,
          chequers_temple_overflow_statue_of_worship, uniq_grinder
D:4:      layout_basic, uniq_edmund
D:5:      layout_basic, kennysheep_mini, first_ration, uniq_sigmund
D:6:      layout_loops_cross, trog_wizard
D:7:      layout_gridville, minmay_temple_entry_tees, uniq_harold, uniq_pikel
D:8:      layout_basic, xom_shifter_show, lair_entry_dummy,
          biasface_ghost_orc_armoury, blue_anna_alchemist
          [blue_anna_fruit_fields, blue_anna_fruit_fields]
Temple:   lightli_temple_of_artemis
Lair:1:   layout_layer_cave, ebering_ghost_inner_flame
Lair:2:   layout_loops_ring, guppyfry_snake_entry_garden
Lair:3:   layout_gridlike
Lair:4:   layout_cave_pods, elwin_shoals_entry_rocks,
          portal_ice_cave_entry_ice_beasts, nicolae_quartered_pool_medium,
          roderic_carrion_pond
Lair:5:   layout_gridlike, nicolae_slime_entry_slimehenge,
          infiniplex_staircase_pool_2
Lair:6:   gammafunk_lair_ancient_temple, layout_hall_layers,
          minmay_lair_drake_nest

Skill      XL: |  1  2  3  4  5  6  7  8  9 10 11 12 |
---------------+-------------------------------------+-----
Dodging        | 3 4 5 6 7 8 9 |  9.6
Armour         | 1 2 3 4 6 7 8 9 |  9.1
Fighting       | 4 5 6 7 8 9 10 | 10.3
Invocations    | 1 7 10 12 13 | 13.3
Evocations     | 3 4 5 |  5.9
Polearms       | 2 4 |  4.9
Stealth        | |  1.7
Unarmed Combat | |  2.6

Action                   |  1- 3 |  4- 6 |  7- 9 | 10-12 || total
-------------------------+-------+-------+-------+-------++-------
Melee: Hand axe          |     9 |       |       |       ||     9
       Dagger            |    73 |   222 |   190 |       ||   485
       Punch             |     1 |     1 |     5 |     3 ||    10
       Headbutt          |       |    32 |    84 |   119 ||   235
       Short sword       |       |       |    72 |       ||    72
       Whip              |       |       |   159 |   293 ||   452
       Glaive            |       |       |       |   199 ||   199
       Halberd           |       |       |       |     4 ||     4
Throw: Dart              |       |       |       |     3 ||     3
Invok: Minor Destruction |       |       |       |     1 ||     1
       Lesser Servant of |       |       |       |    11 ||    11
Evoke: Wand              |       |       |       |     1 ||     1
  Use: Scroll            |       |       |     1 |     6 ||     7
       Potion            |       |       |       |     6 ||     6
 Stab: Sleeping          |       |     1 |     1 |     1 ||     3
       Distracted        |       |       |       |     7 ||     7
  Eat: Chunk             |     1 |     8 |    18 |    24 ||    51
       Ration            |       |       |     1 |       ||     1
Armor: Robe              |     3 |       |       |       ||     3
       Ring mail         |    16 |    58 |   113 |   242 ||   429
       Chain mail        |       |    42 |    78 |       ||   120
Dodge: Dodged            |    44 |   135 |   283 |   594 ||  1056

Table legend:
 A = Non-vault XP
 B = Vault XP
 C = Vault XP percentage of total XP
 D = Non-vault monster count
 E = Vault monster count
 F = Vault count percentage of total count
                 A         B        C        D         E       F
            +---------+---------+-------+---------+---------+-------
      Total |   18173 |   15472 |  46.0 |     236 |     110 |  31.8
            +---------+---------+-------+---------+---------+-------
        D:1 |      31 |       0 |   0.0 |      12 |       0 |   0.0
        D:2 |     128 |      75 |  36.9 |      24 |      16 |  40.0
        D:3 |     152 |     289 |  65.5 |      23 |      13 |  36.1
        D:4 |     107 |      96 |  47.3 |       8 |       1 |  11.1
        D:5 |     106 |     144 |  57.6 |       7 |       1 |  12.5
        D:6 |     619 |       0 |   0.0 |      25 |       0 |   0.0
        D:7 |    1067 |    1018 |  48.8 |      24 |       3 |  11.1
        D:8 |    1397 |       0 |   0.0 |      28 |       0 |   0.0
     Lair:1 |    2405 |       0 |   0.0 |      16 |       0 |   0.0
     Lair:2 |    2430 |     163 |   6.3 |      16 |       1 |   5.9
     Lair:3 |     525 |       0 |   0.0 |       4 |       0 |   0.0
     Lair:4 |    1937 |    1787 |  48.0 |      12 |      14 |  53.8
     Lair:5 |    5464 |     183 |   3.2 |      23 |       6 |  20.7
     Lair:6 |    1805 |    5594 |  75.6 |      14 |      20 |  58.8
      IceCv |       0 |    6123 | 100.0 |       0 |      35 | 100.0
            +---------+---------+-------+---------+---------+-------
